cohdb
Replays
Latest Replays
All Replays
Popular Replays
Top Player Replays
Match Explorer
How It Works
Community
CoH3 Stats
Reddit
Sign in to upload your games and track your stats! →
Sign in with Steam
Match 45712660
Unlisted
Match 45712660
Overview
Messages
Build Orders
End
Kradschützen Motorcycle Team
Selects Italian Infantry
Panzergrenadier Squad
250 Light Carrier
Panzergrenadier Squad
Construct Light Support Kompanie
MG34 Team
Selects Guastatori Squad
Selects L6/40 Light Tank Combat Group
L6/40 Light Tank Combat Group
Guastatori Squad
Construct Mechanized Kompanie
Marder III Tank Destroyer
Panzergrenadier Squad
Support Armor Elements
烧花鸭烧雏鸡儿烧子鹅
Max1boy
0
0
Comments
sign in to comment!
No comments posted yet!